 Dungeon Crawl Stone Soup version 0.27.1 (webtiles) character file.

Game seed: 6168164040664061899

352 ZARRMARR the Magician (level 6, -4/32 HPs)
             Began as a Deep Elf Earth Elementalist on Aug 29, 2021.
             Slain by a wraith (7 damage)
             ... in an ossuary.
             The game lasted 00:12:52 (2923 turns).

ZARRMARR the Magician (Deep Elf Earth Elementalist) Turns: 2923, Time: 00:12:54

Health: -4/32      AC:  2    Str:  5    XL:     6   Next: 34%
Magic:  14/18      EV: 13    Int: 28    God:
Gold:   151        SH:  0    Dex: 15    Spells: 18/19 levels left

rFire    . . .     SeeInvis .   (no weapon)
rCold    . . .     Faith    .   (no shield)
rNeg     + . .     Spirit   .   b - +0 robe
rPois    .         Reflect  .   (no helmet)
rElec    .         Harm     .   (no cloak)
rCorr    .         Rampage  .   (no gloves)
Will     .....                  (no boots)
Stlth    ++........             (no amulet)
HPRegen  0.10/turn              i - ring of positive energy
MPRegen  0.16/turn              q - +6 ring of intelligence

@: slowed, very slow
A: no striking features
a: no special abilities


You were in an ossuary.
You visited 1 branch of the dungeon, and saw 4 of its levels.
You also visited: Ossuary.

You collected 151 gold pieces.

Inventory:

Missiles
 c - 98 stones
 p - 2 throwing nets
Armour
 b - a +0 robe (worn)
Magical Staves
 r - a staff of fire
Jewellery
 i - a ring of positive energy (left hand)
 q - a +6 ring of intelligence (right hand)
 t - a ring of poison resistance
 u - a ring of protection from fire
Wands
 v - a wand of digging (5)
Scrolls
 a - 6 scrolls of fog {unknown}
 d - 3 scrolls of teleportation {unknown}
 h - a scroll of identify {unknown}
 k - 2 scrolls of enchant armour {unknown}
 l - a scroll of amnesia {unknown}
 s - a scroll of immolation {unknown}
 w - a scroll of holy word {unknown}
Potions
 e - 2 potions of ambrosia {unknown}
 f - 2 potions of heal wounds {unknown}
 g - 2 potions of brilliance {unknown}
 j - a potion of degeneration {unknown}
 m - a potion of curing {unknown}
 n - a potion of berserk rage {unknown}
 o - a potion of magic {unknown}


   Skills:
 + Level 3.0 Dodging
 - Level 2.4 Stealth
 + Level 7.1 Spellcasting
 * Level 2.3 Summonings
 - Level 1.1 Transmutations
 - Level 4.7 Earth Magic


You had 18 spell levels left.
You knew the following spells:

 Your Spells              Type           Power      Damage    Failure   Level
a - Sandblast             Erth           72%        2d16      1%          1

Your spell library contained the following spells:

 Spells                   Type           Power      Damage    Failure   Level
 Passwall                 Tmut/Erth      21%        N/A       2%          2
 Stone Arrow              Conj/Erth      46%        3d9       6%          3
 Swiftness                Air            9%         N/A       16%         3
 Petrify                  Tmut/Erth      26%        N/A       16%         4
 Fireball                 Conj/Fire      4%         3d4       83%         5
 Iskenderun's Battlesphe  Conj           9%         2d6       83%         5
 Conjure Ball Lightning   Conj/Air       4%         3x3d6     100%        6
 Invisibility             Hex            4%         N/A       100%        6
 Malign Gateway           Summ/Tloc      8%         N/A       100%        7
 Orb of Destruction       Conj           4%         9d2       100%        7
 Summon Horrible Things   Summ           11%        N/A       100%        8


Dungeon Overview and Level Annotations

Branches:
Dungeon (4/15)             Temple (0/1) D:4         Ossuary (1/1)

Altars:
Okawaru

Annotations:
D:3 3 runed translucent doors, horus123's ghost, amateur DsGl
D:4 Sigmund


Message History

Found a murky black potion and a scroll labelled XOFFID LAUZE.
You open the door.
There is an open door here.
A wraith is nearby!
Casting: Sandblast (safe; 1% risk of failure)
Confirm with . or Enter, or press ? or * to list all spells.
Aiming: Sandblast (safe; 1% risk of failure)
Press: ? - help, Shift-Dir - straight line, f - wraith
Aim: a wraith (82% to hit)
The blast of sand hits the wraith but does no damage.
The wraith hits you! The wraith drains your vigour!
You feel yourself slow down.
Unknown command.
Casting: Sandblast (safe; 1% risk of failure)
Confirm with . or Enter, or press ? or * to list all spells.
Aiming: Sandblast (safe; 1% risk of failure)
Press: ? - help, Shift-Dir - straight line, f/p - wraith
Aim: a wraith (82% to hit)
The blast of sand hits the wraith!!
The wraith is heavily damaged.
The wraith completely misses you.
Unknown command.
Casting: Sandblast (safe; 1% risk of failure)
Confirm with . or Enter, or press ? or * to list all spells.
Aiming: Sandblast (safe; 1% risk of failure)
Press: ? - help, Shift-Dir - straight line, f/p - wraith
Aim: a wraith (heavily damaged, 82% to hit)
The blast of sand hits the wraith.
The wraith is severely damaged.
The wraith hits you! x2
* * * LOW HITPOINT WARNING * * *
Casting: Sandblast (safe; 1% risk of failure)
Confirm with . or Enter, or press ? or * to list all spells.
Aiming: Sandblast (safe; 1% risk of failure)
Press: ? - help, Shift-Dir - straight line, f/p - wraith
Aim: a wraith (severely damaged, 82% to hit)
The blast of sand hits the wraith.
The wraith is severely damaged.
The wraith hits you!
You die...

#####+#####
#.........##
#...##@##...## .
##..W##...## .
##.?.!.##...# ..
#.?!!!!.#...+
...##.....##...#
#...##...##...##
#...#####...## .
##.........##...
..#####'#####....


You could see a wraith.

Vanquished Creatures
  Duvessa (D:4)
  Dowan (D:4)
  An orc priest (D:4)
  Ijyb (D:4)
  A killer bee zombie (D:3)
  A mummy (Ossuary)
  3 adders
  2 worms (D:2)
  3 orcs (D:4)
  3 bats
  4 endoplasms
  2 giant cockroaches (D:1)
  4 goblins
  7 hobgoblins
  4 jackals (D:2)
  5 kobolds
  A quokka (D:2)
  7 ball pythons
  5 frilled lizards
  5 gnoll skeletons (Ossuary)
  A jackal zombie (D:4)
  2 kobold skeletons (Ossuary)
  2 orc skeletons (Ossuary)
  3 rats
  A rat zombie (D:4)
70 creatures vanquished.

Vanquished Creatures (others)
  2 fungi (D:3)
  2 plants (D:3)
4 creatures vanquished.

Grand Total: 74 creatures vanquished

Notes
Turn   | Place    | Note
-------+----------+-------------------------------------------
     0 | D:1      | ZARRMARR the Deep Elf Earth Elementalist began the quest
                  | for the Orb.
     0 | D:1      | Reached XP level 1. HP: 10/10 MP: 6/6
   437 | D:1      | Found a faded altar of an unknown god.
   517 | D:1      | Reached XP level 2. HP: 15/15 MP: 5/8
  1107 | D:2      | Found an iron altar of Okawaru.
  1122 | D:2      | Reached XP level 3. HP: 19/19 MP: 6/10
  1360 | D:2      | Reached skill level 4 in Spellcasting
  1692 | D:3      | Found a runed translucent gate.
  1692 | D:3      | Found a runed translucent gate.
  1692 | D:3      | Found a runed translucent gate.
  1693 | D:3      | Noticed a kobold brigand
  1741 | D:3      | Reached XP level 4. HP: 24/24 MP: 9/12
  2342 | D:3      | Noticed horus123's ghost (amateur DsGl)
  2456 | D:4      | Noticed Duvessa
  2486 | D:4      | Noticed Dowan
  2492 | D:4      | Killed Duvessa
  2493 | D:4      | Reached skill level 5 in Spellcasting
  2493 | D:4      | Reached skill level 1 in Summonings
  2493 | D:4      | Reached XP level 5. HP: 10/28 MP: 9/15
  2496 | D:4      | Killed Dowan
  2497 | D:4      | Reached skill level 6 in Spellcasting
  2497 | D:4      | Reached XP level 6. HP: 9/32 MP: 6/17
  2528 | D:4      | Found a staircase to the Ecumenical Temple.
  2563 | D:4      | Noticed Ijyb
  2573 | D:4      | Killed Ijyb
  2616 | D:4      | Reached skill level 7 in Spellcasting
  2635 | D:4      | Found a sand-covered staircase.
  2645 | D:4      | Noticed Sigmund
  2648 | Ossuary  | Entered an ossuary
  2648 | Ossuary  | Noticed a wraith
  2648 | Ossuary  | Noticed a wraith
  2648 | Ossuary  | Noticed a wraith
  2908 | Ossuary  | Noticed a wraith
  2923 | Ossuary  | Slain by a wraith

Illustrated notes

Levels and vault maps discovered:
D:1:      dpeg_chamrin_arrival_tetris, layout_basic,
          shapermc_ecumenical_altar_notcrosses, hangedman_feature_mirror
D:2:      layout_rooms, basic_altar, minmay_randomly_rotated_circles
D:3:      layout_basic, gammafunk_ghost_nasty_kobolds
D:4:      layout_basic, kennysheep_little_box, temple_fountains, serial_forest,
          infiniplex_forest_3_way, infiniplex_forest_lined_room_,
          infiniplex_forest_lined_room_3, infiniplex_forest_3_way,
          infiniplex_forest_clump_double, enter_ossuary_3, chequers_mini_garden,
          uniq_duvessa, uniq_ijyb, uniq_sigmund
Ossuary:  ossuary_due_mausoleum

Skill      XL: |  1  2  3  4  5  6 |
---------------+-------------------+-----
Earth Magic    | 4 |  4.7
Spellcasting   | 4 5 6 7 |  7.1
Dodging        | 3 |  3.0
Summonings     | 1 2 |  2.3
Stealth        | |  2.4
Transmutations | |  1.1

Action                   |  1- 3 |  4- 6 || total
-------------------------+-------+-------++-------
 Cast: Sandblast         |    48 |    54 ||   102
Armor: Robe              |     1 |     2 ||     3
Dodge: Dodged            |     3 |     8 ||    11
